 Dungeon Crawl Stone Soup version 0.19.0-24-gb05acd6 (webtiles) character file.

309 LORDOFBUTT the Chopper (level 6, 0/52 HPs)
             Began as a Minotaur Berserker on Nov 22, 2016.
             Was a Priest of Trog.
             Slain by an iguana (12 damage)
             ... on level 4 of the Dungeon.
             The game lasted 00:02:13 (2170 turns).

LORDOFBUTT the Chopper (Minotaur Berserker)         Turns: 2170, Time: 00:02:14

Health: 0/52       AC:  5    Str: 22    XL:     6   Next: 17%
Magic:  5/5        EV: 13    Int:  4    God:    Trog [***...]
Gold:   150        SH:  0    Dex: 11    Spells: 0 memorised, 5 levels left

rFire  . . .     SeeInvis .     a - +0 hand axe
rCold  . . .     Gourm    .     i - +0 ring mail (curse)
rNeg   . . .     Faith    .     (no shield)
rPois  .         Spirit   .     (helmet restricted)
rElec  .         Reflect  .     (no cloak)
rCorr  .         Harm     .     (no gloves)
MR     .....                    (no boots)
Stlth  +.........               (no amulet)
                                (no ring)
                                (no ring)

@: no status effects
A: retaliatory headbutt, horns 2
a: Berserk, Trog's Hand, Burn Spellbooks, Renounce Religion


You were on level 4 of the Dungeon.
You worshipped Trog.
Trog was most pleased with you.
You were hungry.

You visited 1 branch of the dungeon, and saw 4 of its levels.

You collected 150 gold pieces.

Inventory:

Hand Weapons
 a - a +0 hand axe (weapon)
Armour
 b - a +0 animal skin
 i - a cursed +0 ring mail (worn)
Jewellery
 e - an uncursed ring of flight {unknown}
Wands
 j - a wand of paralysis (14/24)
Scrolls
 g - a scroll of enchant armour {unknown}
 m - a scroll of immolation
 n - 2 scrolls of identify
 o - 3 scrolls of remove curse {unknown}
 r - a scroll of fear {unknown}
 t - a scroll of teleportation {unknown}
 v - a scroll of amnesia {unknown}
Potions
 d - 4 potions of curing
 h - a potion of degeneration {unknown}
 k - 2 potions of ambrosia
 l - 2 potions of flight {unknown}
 p - 2 potions of haste {unknown}
 q - a potion of resistance {unknown}
 s - a potion of might {unknown}
 w - 2 potions of lignification {unknown}
 x - a potion of agility {unknown}
Comestibles
 c - 2 bread rations
 f - 4 meat rations


   Skills:
 - Level 4.2 Fighting
 * Level 6.3 Axes
 - Level 2.4 Armour
 * Level 5.0 Dodging


You had 5 spell levels left.
You didn't know any spells.

Dungeon Overview and Level Annotations

Branches:
Dungeon (4/15)
 Temple: D:4-7

Altars:
Makhleb


Innate Abilities, Weirdness & Mutations

You reflexively headbutt those who attack you in melee.
You have a pair of horns on your head.


Message History

You hit the iguana but do no damage. Your headbutt misses the iguana.
The iguana is lightly wounded.
The iguana barely misses you. You furiously retaliate!
You headbutt the iguana. You hit the iguana. Your headbutt misses the iguana.
The iguana is moderately wounded.
The iguana bites you!
* * * LOW HITPOINT WARNING * * *
You are too injured to fight recklessly!
You are too injured to fight recklessly!
You are too injured to fight recklessly!
You hit the iguana. Your headbutt misses the iguana.
The iguana is heavily wounded.
The iguana closely misses you.
You barely miss the iguana.
The iguana is heavily wounded.
The iguana misses you.
You hit the iguana but do no damage. You headbutt the iguana.
The iguana is severely wounded.
The iguana bites you!
You die...

......## ........
#..... ##.$. #
####..# #..
.##...<.## ..(.
..........## .....
..........†##.>....
..........^@l<.....
...........#)......
...........#..%....
...........#.......
...........#.......
.......[.##.......
##.....## #......
###### #.....


You could see an iguana.

Vanquished Creatures
  An ogre (D:4)
  An orc priest (D:3)
  An orc wizard (D:3)
  A worker ant (D:3)
  7 adders
  An ooze (D:1)
  4 worms
  A leopard gecko (D:1)
  5 orcs (D:3)
  3 ball pythons
  A giant cockroach (D:3)
  4 goblins
  9 hobgoblins
  3 jackals
  2 quokkas (D:3)
  7 bats
  3 frilled lizards (D:1)
  11 kobolds
  7 rats
72 creatures vanquished.

Notes
Turn   | Place    | Note
-------+----------+-------------------------------------------
     0 | D:1      | LORDOFBUTT the Minotaur Berserker began the quest for the Orb.
     0 | D:1      | Reached XP level 1. HP: 19/19 MP: 0/0
   103 | D:1      | Reached XP level 2. HP: 4/27 MP: 1/1
   650 | D:1      | Reached skill level 4 in Axes
   775 | D:1      | Reached XP level 3. HP: 33/33 MP: 2/2
   847 | D:2      | Reached ** piety under Trog
  1423 | D:3      | Reached XP level 4. HP: 40/40 MP: 3/3
  1426 | D:3      | Reached skill level 5 in Axes
  1714 | D:3      | Reached XP level 5. HP: 40/46 MP: 4/4
  2013 | D:3      | Found a faded altar of an unknown god.
  2013 | D:3      | Found a faded altar of an unknown god.
  2019 | D:3      | Found a faded altar of an unknown god.
  2021 | D:3      | Found a burning altar of Makhleb.
  2024 | D:3      | Reached *** piety under Trog
  2025 | D:3      | Found a faded altar of an unknown god.
  2153 | D:4      | Noticed an ogre
  2164 | D:4      | Killed an ogre
  2164 | D:4      | Reached skill level 6 in Axes
  2164 | D:4      | Reached skill level 5 in Dodging
  2164 | D:4      | Reached XP level 6. HP: 19/52 MP: 5/5
  2170 | D:4      | Slain by an iguana

Skill      XL: |  1  2  3  4  5 |
---------------+----------------+-----
Fighting       | 4 |  4.2
Axes           | 4 5 6 |  6.3
Dodging        | 3 4 5 |  5.0
Armour         | |  2.4

Action                   |  1- 3 |  4- 6 || total
-------------------------+-------+-------++-------
Melee: Hand axe          |    88 |    84 ||   172
       Headbutt          |     7 |    19 ||    26
Invok: Berserk           |     1 |     1 ||     2
  Use: Scroll            |     3 |       ||     3
  Eat: Pizza             |     1 |       ||     1
       Chunk             |       |     4 ||     4
Armor: Animal skin       |     3 |       ||     3
       Ring mail         |    32 |    16 ||    48
Dodge: Dodged            |    51 |    45 ||    96
